 Dungeon Crawl Stone Soup version 0.17-a0-1741-gd5e8965 (webtiles) character file.

112 shakdrar the Insei (level 4, -1/28 HPs)
             Began as a Tengu Monk on Aug 31, 2015.
             Slain by an orc (4 damage)
             ... on level 3 of the Dungeon.
             The game lasted 00:06:40 (2209 turns).

shakdrar the Insei (Tengu Monk)                     Turns: 2209, Time: 00:06:41

Health: -1/28      AC:  2    Str: 11    XL:     4   Next: 95%
Magic:  5/5        EV: 14    Int: 11    God:
Gold:   167        SH:  0    Dex: 17    Spells: 0 memorised, 3 levels left

rFire  + . .     SeeInvis .       - Unarmed
rCold  x . .     Clarity  .     a - +0 robe
rNeg   . . .     SustAt   .     (no shield)
rPois  .         Gourm    .     (helmet restricted)
rElec  .         Spirit   .     (no cloak)
rCorr  .         Warding  .     (no gloves)
rMut   .         Stasis   .     (boots unavailable)
MR     .....                    (no amulet)
Stlth  ++........               (no ring)
                                h - ring of fire

@: not resistant to hostile enchantments, unstealthy
A: beak, talons 3
a: no special abilities


You were on level 3 of the Dungeon.
You were not hungry.

You visited 1 branch of the dungeon, and saw 3 of its levels.

You collected 167 gold pieces.

Inventory:

Missiles
 c - 12 poisoned needles
Armour
 a - a +0 robe (worn)
Jewellery
 h - a ring of fire (left hand)
Scrolls
 e - a scroll of identify
 f - a scroll of remove curse
 g - a scroll of teleportation
Potions
 d - a potion of cure mutation
Comestibles
 b - 2 bread rations


   Skills:
 + Level 3.6 Fighting
 + Level 4.3 Dodging
 + Level 2.7 Stealth
 + Level 5.2 Unarmed Combat


You had 3 spell levels left.
You didn't know any spells.

Dungeon Overview and Level Annotations

Branches:
Dungeon (3/15)

Altars:
Ashenzari


Innate Abilities, Weirdness & Mutations

You have a beak for a mouth.
You have claws for feet.


Message History

The orc closely misses you.
You closely miss the orc. The orc closely misses you.
You closely miss the orc. Your peck misses the orc. The orc hits you.
* * * LOW HITPOINT WARNING * * *
You hit the orc.
The orc is moderately wounded.
The orc barely misses you.
You barely miss the orc.
The orc is moderately wounded.
The orc hits you.
* * * LOW HITPOINT WARNING * * *
You hit the orc. You claw the orc, but do no damage.
The orc is heavily wounded.
You barely miss the orc.
The orc is heavily wounded.
The orc barely misses you.
You hit the orc. You claw the orc. Your peck misses the orc.
The orc is almost dead.
The orc hits you.
You die...

#. #.. #. #.##.##
##. #.....# #..
#####.....# #..
#.........# #.#
######.####....#
#.# #.......#
#....# # #..
#.....[.###..oo##.#
#..
#.............#@..#
#..
#.......#######.###
O##. #.......# ...
....% #.......#
##### #.#..
#.......# ......
#.......# .#....
#..).....# #...#
##.......# #...
#.......# #..


You could see 2 orcs.

Vanquished Creatures
  An orc priest (D:3)
  4 adders (D:2)
  3 giant geckos
  8 hobgoblins
  A quokka (D:2)
  A ball python (D:1)
  6 bats
  4 giant cockroaches
  2 giant newts (D:2)
  5 goblins
  5 kobolds
  8 rats
48 creatures vanquished.

Notes
Turn   | Place    | Note
--------------------------------------------------------------
     0 | D:1      | shakdrar the Tengu Monk began the quest for the Orb.
     0 | D:1      | Reached XP level 1. HP: 14/14 MP: 2/2
   123 | D:1      | Reached XP level 2. HP: 13/19 MP: 3/3
   600 | D:1      | Gained mutation: You are frail (-10% HP). [potion of mutation]
   600 | D:1      | Gained mutation: You have an increased reservoir of magic (+10% MP). [potion of mutation]
   600 | D:1      | Gained mutation: You possess an exceptional clarity of mind. [potion of mutation]
   678 | D:1      | Lost mutation: You are frail (-10% HP). [potion of cure mutation]
   678 | D:1      | Lost mutation: You possess an exceptional clarity of mind. [potion of cure mutation]
   678 | D:1      | Lost mutation: You have an increased reservoir of magic (+10% MP). [potion of cure mutation]
   849 | D:2      | Reached XP level 3. HP: 23/23 MP: 4/4
  1092 | D:2      | Reached skill level 5 in Unarmed Combat
  1261 | D:2      | Found a shattered altar of Ashenzari.
  1432 | D:2      | Reached XP level 4. HP: 19/28 MP: 5/5
  2033 | D:3      | Noticed an ogre
  2209 | D:3      | Slain by an orc

Vault maps used:
D:1:      dpeg_arrival_windows_large_door
D:2:      ashenzari_altar_1
D:3:      first_bread

Action                   |  1- 3 |  4- 6 || total
-------------------------+-------+-------++-------
Melee: Unarmed           |    68 |    58 ||   126
  Use: Scroll            |     3 |     1 ||     4
       Potion            |     3 |       ||     3
 Stab: Sleeping          |     5 |     2 ||     7
  Eat: Chunk             |     1 |     3 ||     4
